 Dungeon Crawl Stone Soup version 0.16-a0-328-gfd822c7 (webtiles) character file.

42 Ratboiler the Insei (level 3, 0/23 HPs)
             Began as an Octopode Transmuter on Sept 6, 2014.
             Succumbed to an adder's poison
             ... on Level 2 of the Dungeon.
             The game lasted 00:02:54 (1207 turns).

Ratboiler the Insei (Octopode Transmuter)           Turns: 1207, Time: 00:02:55

HP   0/23        AC  1     Str  9      XL: 3   Next: 54%
MP   6/6         EV 12     Int 15      God:
Gold 63          SH  0     Dex 13      Spells:  3 memorised,  0 levels left

rFire  . . .     SeeInvis .       - Unarmed
rCold  . . .     Clarity  .     (no shield)
rNeg   . . .     rCorr    .     (helmet restricted)
rPois  .         rRot     .     (no amulet)
rElec  .         Spirit   .     (no ring)
SustAb .         Warding  .     (no ring)
rMut   .         Stasis   .     (no ring)
Gourm  .                        (no ring)
MR     .....                    (no ring)
                                (no ring)
                                (no ring)
                                (no ring)

@: lethally poisoned, appendage (expiring), not resistant to hostile
enchantments, unstealthy
A: almost no armour, amphibious, 8 rings, constrict 8, tentacle spike 3,
camouflage 1, gelatinous body 1
a: End Transformation


You were on level 2 of the Dungeon.
You were very hungry.
One of your tentacles had a temporary spike.
You visited 1 branch of the dungeon, and saw 2 of its levels.

You collected 63 gold pieces.

Inventory:

Missiles
 b - 10 arrows
Comestibles
 a - 2 bread rations
Scrolls
 e - 2 scrolls of identify {unknown}
 h - a scroll of random uselessness {unknown}
Potions
 c - a potion of magic {unknown}
Books
 d - a book of Changes

   Spells                             Type                      Level
   *Beastly Appendage                 Transmutation                1
   *Sticks to Snakes                  Transmutation                2
   *Spider Form                       Transmutation/Poison         3
   Ice Form                           Ice/Transmutation            4
   Blade Hands                        Transmutation                5


   Skills:
 - Level 1.0 Fighting
 - Level 2.0 Dodging
 + Level 4.4 Unarmed Combat
 - Level 2.0 Spellcasting
 - Level 2.0 Transmutations


You couldn't memorise any spells.
You knew the following spells:

 Your Spells              Type           Power        Failure   Level  Hunger
a - Beastly Appendage     Trmt           #.....       12%         1    #......
b - Sticks to Snakes      Trmt           #.........   14%         2    ###....
c - Spider Form           Trmt/Pois      #.........   43%         3    ####...


Dungeon Overview and Level Annotations

Branches:
Dungeon (2/15)

Altars:


Innate Abilities, Weirdness & Mutations

You cannot wear most types of armour.
You are amphibious.
You can wear up to eight rings at the same time.
You can use your tentacles to constrict many enemies at once.
Your skin changes colour to match your surroundings (Stealth).
Your rubbery body absorbs attacks (AC +1).
One of your tentacles bears a large vicious spike.


Message History

You constrict the adder, but do no damage.
* * * LOW HITPOINT WARNING * * *
You feel sick. The adder barely misses you.
You barely miss the adder.
You pierce the adder.
The adder is severely wounded.
You constrict the adder. The adder barely misses you.
You barely miss the adder.
You pierce the adder.
You kill the adder!
* * * LOW HITPOINT WARNING * * *
You feel sick.
* * * LOW HITPOINT WARNING * * *
You feel sick.
You see here an adder corpse.
Found 10 gold pieces.
* * * LOW HITPOINT WARNING * * *
You feel sick.
Found a stone staircase leading down.
You see here an orange potion.
c - an orange potion You die...

. #. ####> #.....
#.$... ########
#.....######<.....#
#...%........####.#
#..$......%..#
####..@...)..#
#.........#
#.........#
#.........#
#.........#
#.........#
#.........#
#......... .###


There were no monsters in sight!

Vanquished Creatures
  An adder (D:2)
  A gnoll (D:1)
  2 giant geckos (D:1)
  2 ball pythons (D:1)
  2 giant cockroaches (D:1)
  5 goblins
  5 hobgoblins (D:1)
  2 kobolds (D:1)
  3 bats (D:1)
  2 rats (D:1)
25 creatures vanquished.

Notes
Turn   | Place    | Note
--------------------------------------------------------------
     0 | D:1      | Ratboiler, the Octopode Transmuter, began the quest for the Orb.
     0 | D:1      | Reached XP level 1. HP: 13/13 MP: 3/3
   122 | D:1      | Reached XP level 2. HP: 13/18 MP: 4/4
   126 | D:1      | Learned a level 2 spell: Sticks to Snakes
   524 | D:1      | Reached skill level 4 in Unarmed Combat
   728 | D:1      | Reached XP level 3. HP: 21/23 MP: 4/6
   733 | D:1      | Learned a level 3 spell: Spider Form
  1202 | D:2      | HP: 1/23 [poisoned by an adder]
  1207 | D:2      | Succumbed to an adder's poison

Action                   || total
-------------------------++-------
Melee: Unarmed           ||    57
 Cast: Beastly Appendage ||    11
       Sticks to Snakes  ||     2
 Stab: Sleeping          ||     2
       Distracted        ||     1
